 Dungeon Crawl Stone Soup version 0.27-a0-1065-ge809cff456 (webtiles) character file.

Game seed: 2470488571147531243

19231 robertstho the Cleaver (level 12, 0/112 HPs)
             Began as a Minotaur Berserker on Apr 22, 2021.
             Was a High Priest of Trog.
             Slain by a death knight
             ... wielding a +0 broad axe
              (31 damage)
             ... on level 11 of the Dungeon.
             The game lasted 00:16:46 (10674 turns).

robertstho the Cleaver (Minotaur Berserker)        Turns: 10674, Time: 00:16:46

Health: 0/112      AC: 15    Str: 26    XL:     12   Next: 34%
Magic:  11/11      EV: 13    Int:  5    God:    Trog [*****.]
Gold:   734        SH:  0    Dex: 16    Spells: 11/11 levels left

rFire    + . .     SeeInvis .   I - +2 battleaxe
rCold    . . .     Faith    .   (shield currently unavailable)
rNeg     . . .     Spirit   .   L - +1 chain mail {rF+}
rPois    +         Reflect  .   (helmet restricted)
rElec    .         Harm     .   (no cloak)
rCorr    .         Rampage  .   E - +0 pair of gloves
Will     .....                  (no boots)
Stlth    ..........             y - amulet of regeneration
HPRegen  1.28/turn              G - +6 ring of dexterity
MPRegen  0.12/turn              C - ring of poison resistance

@: on berserk cooldown, slowed, very slow
A: horns 2, retaliatory headbutt
a: Renounce Religion, Berserk, Trog's Hand, Brothers in Arms


You were on level 11 of the Dungeon.
You worshipped Trog.
Trog was extremely pleased with you.
You visited 1 branch of the dungeon, and saw 12 of its levels.

You collected 734 gold pieces.

Inventory:

Hand Weapons
 q - a +0 war axe
 u - a +2 great mace of protection
 I - a +2 battleaxe (weapon)
 M - a +1 halberd of flaming
Missiles
 l - 4 curare-tipped darts
Armour
 E - a +0 pair of gloves (worn)
 L - a +1 chain mail of fire resistance (worn)
Jewellery
 h - a ring of ice
 o - a ring of flight
 y - an amulet of regeneration (around neck)
 C - a ring of poison resistance (right hand)
 G - a +6 ring of dexterity (left hand)
Wands
 F - a wand of digging (5)
Scrolls
 b - 5 scrolls of teleportation {unknown}
 c - 2 scrolls of noise {unknown}
 d - 2 scrolls of enchant weapon {unknown}
 e - a scroll of blinking {unknown}
 f - 2 scrolls of holy word {unknown}
 i - 2 scrolls of acquirement {unknown}
 k - 2 scrolls of magic mapping {unknown}
 m - 2 scrolls of vulnerability {unknown}
 n - a scroll of immolation {unknown}
 s - 2 scrolls of silence {unknown}
 t - 5 scrolls of fog {unknown}
 A - 2 scrolls of torment {unknown}
 H - a scroll of enchant armour {unknown}
 N - a scroll of summoning
Potions
 a - 3 potions of lignification
 j - a potion of invisibility
 p - a potion of mutation {unknown}
 v - a potion of haste
 w - 2 potions of flight
 z - 3 potions of heal wounds
 B - 2 potions of brilliance {unknown}
 D - 2 potions of might
 P - a potion of curing


   Skills:
 * Level 12.2 Fighting
 + Level 14.1 Axes
 * Level 13.2 Armour
 * Level 8.6 Dodging


You had 11 spell levels left.
You didn't know any spells.
Your spell library was empty.

Dungeon Overview and Level Annotations

Branches:
Dungeon (12/15)            Temple (0/1) D:4            Lair (0/6) D:8
    Orc (0/2) D:10

Altars:
Ashenzari
Dithmenos
Elyvilon
Gozag
Hepliaklqana
Kikubaaqudgha
Makhleb
Okawaru
Qazlal
Ru
Sif Muna
Wu Jian
Xom
Yredelemnul
Lugonu

Shops:
D:10 (

Portals:
Abyss: D:7


Innate Abilities, Weirdness & Mutations

You have a pair of horns on your head.
You reflexively headbutt those who attack you in melee.


Message History

Trog accepts your kill.
You slash the wraith! You slash the death knight!
The death knight reflects your damage back at you!
The death knight closely misses you. The wraith barely misses you.
You furiously retaliate!
You headbutt the wraith! You closely miss the wraith. You headbutt the wraith!
The wraith is almost destroyed.
You closely miss the death knight.
The death knight invokes the aid of Yredelemnul against you.
Your body is wracked with pain!
The wraith hits you but does no damage.
Unknown command.
You are too injured to fight recklessly!
Unknown command.
You are too injured to fight recklessly!
Unknown command.
You are too injured to fight recklessly!
Unknown command.
You are too injured to fight recklessly!
Unknown command.
You feel a strong urge to attack something.
The death knight mumbles some strange prayers to Yredelemnul against you.
Your body is wracked with pain!
* * * LOW HITPOINT WARNING * * *
You feel your anger nearly subside.
You are no longer berserk.
You are exhausted.
You feel as though you will be slow longer.
The death knight's dark mirror aura disappears.
There is a stone staircase leading up here.
You feel much better. The death knight closely misses you.
The death knight calls down the wrath of Yredelemnul upon you.
Your body is wracked with pain!
* * * LOW HITPOINT WARNING * * *
The death knight hits you with a +0 broad axe!!
* * * LOW HITPOINT WARNING * * *
You climb upwards.
There is a stone staircase leading down here.
Okay, then.
You feel much better.
The death knight hits you with a +0 broad axe!!
You die...

# #.## ##### ##.#
##..## # ###.#
###...## ### ##..# #
##...###......# ##.. #
###.....#[......## ##.
# ##...##...(.......#
## #
###..####...........##
# ###...##
##...........# ......#
#....p......# ......#
##...@.....## ......#
#........## ......#
##.....### ......#
#..#### #### ......#
##..# ##... .[....#
#..############....
......#
####..................
......#
#.....................
......#
#...)...#########.....


You could see a death knight.

Vanquished Creatures
  2 two-headed ogres
  Urug (D:11)
  The ghost of ClownBaby the Geomancer, a novice GrEE of Cheibriados (D:8)
  A skeletal warrior (D:9)
  A cyclops (D:9)
  3 ugly things
  A manticore (D:9)
  A hornet (D:8)
  A slime creature (D:7)
  A vampire (D:10)
  2 shadows
  24 yaks
  3 wraiths (D:12)
  A steam dragon (D:9)
  7 orc warriors
  3 necrophages
  5 black bears
  2 ice beasts
  7 centaurs
  4 ogres
  A phantom (D:4)
  3 kobold brigands (D:7)
  A gnoll sergeant (D:10)
  6 scorpions
  3 bullfrogs
  A water moccasin zombie (D:5)
  2 water moccasin skeletons
  14 killer bees
  3 wights (D:9)
  A howler monkey (D:6)
  14 centaur zombies
  4 quasits (D:8)
  5 orc priests
  A bullfrog skeleton (D:6)
  A hound (D:5)
  3 jellies (D:7)
  A gnoll shaman (D:4)
  An iguana (D:6)
  A hound skeleton (D:5)
  11 gnolls
  10 adders
  A shadow imp (D:7)
  2 white imps
  4 ufetubi
  4 worms
  A dart slug (D:4)
  32 orcs
  9 endoplasms
  3 giant cockroaches
  6 goblins
  6 hobgoblins
  11 jackals
  15 kobolds
  5 ball pythons
  6 bats
  3 frilled lizards
  3 rats
  2 lurking horrors (D:7)
271 creatures vanquished.

Vanquished Creatures (others)
  7 fungi
  7 plants
  9 toadstools (D:7)
23 creatures vanquished.

Grand Total: 294 creatures vanquished

Notes
Turn   | Place    | Note
-------+----------+-------------------------------------------
     0 | D:1      | robertstho the Minotaur Berserker began the quest for the
                  | Orb.
     0 | D:1      | Reached XP level 1. HP: 19/19 MP: 0/0
    16 | D:1      | Reached XP level 2. HP: 20/27 MP: 1/1
   161 | D:1      | Found a faded altar of an unknown god.
   282 | D:1      | Reached skill level 4 in Axes
   682 | D:2      | Reached XP level 3. HP: 31/34 MP: 2/2
   907 | D:2      | Reached ** piety under Trog
  1173 | D:2      | Reached XP level 4. HP: 22/41 MP: 3/3
  1673 | D:2      | Found a shimmering altar of Xom.
  1927 | D:3      | Found an ornate altar of the Wu Jian Council.
  1927 | D:3      | Found a shimmering blue altar of Sif Muna.
  1942 | D:3      | Reached skill level 5 in Fighting
  2206 | D:3      | Found a hazy altar of Hepliaklqana.
  2206 | D:3      | Found a sacrificial altar of Ru.
  2211 | D:3      | Found a stormy altar of Qazlal.
  2431 | D:3      | Reached XP level 5. HP: 35/48 MP: 4/4
  2945 | D:4      | Reached skill level 5 in Axes
  3171 | D:4      | Reached XP level 6. HP: 51/56 MP: 5/5
  3230 | D:4      | Reached skill level 5 in Armour
  3269 | D:4      | Reached skill level 6 in Axes
  3347 | D:4      | Found a staircase to the Ecumenical Temple.
  3366 | D:4      | Noticed an orc warrior
  3383 | D:4      | Killed an orc warrior
  3384 | D:4      | Reached XP level 7. HP: 12/62 MP: 6/6
  4261 | D:5      | Entered Level 5 of the Dungeon
  4268 | D:5      | Reached *** piety under Trog
  4279 | D:5      | Reached skill level 7 in Axes
  4279 | D:5      | Reached XP level 8. HP: 54/71 MP: 7/7
  4783 | D:5      | Found a broken altar of Ashenzari.
  4788 | D:5      | Found an ancient bone altar of Kikubaaqudgha.
  4788 | D:5      | Found an opulent altar of Gozag.
  4789 | D:5      | Found a burning altar of Makhleb.
  4789 | D:5      | Found a white marble altar of Elyvilon.
  4789 | D:5      | Found a shadowy altar of Dithmenos.
  5399 | D:6      | Found an iron altar of Okawaru.
  5411 | D:6      | Reached skill level 8 in Axes
  5591 | D:6      | Reached XP level 9. HP: 59/79 MP: 8/8
  5724 | D:6      | Reached skill level 9 in Axes
  5756 | D:6      | Reached skill level 5 in Dodging
  6395 | D:7      | Found a corrupted altar of Lugonu.
  6395 | D:7      | Found a one-way gate to the infinite horrors of the Abyss.
  6591 | D:7      | Reached skill level 10 in Armour
  6735 | D:7      | Found a shimmering altar of Xom.
  6806 | D:7      | Reached skill level 10 in Axes
  6807 | D:7      | Reached **** piety under Trog
  6946 | D:7      | Reached XP level 10. HP: 90/90 MP: 9/9
  7182 | D:7      | Found a shimmering altar of Xom.
  7183 | D:7      | Found a shimmering altar of Xom.
  7185 | D:7      | Found a shimmering altar of Xom.
  7614 | D:8      | Noticed ClownBaby's ghost (novice GrEE)
  7623 | D:8      | Found a transporter.
  7856 | D:8      | Reached skill level 11 in Axes
  7927 | D:8      | Found a staircase to the Lair.
  8070 | D:8      | Found a transporter.
  8105 | D:8      | Killed ClownBaby's ghost
  8222 | D:9      | Noticed a skeletal warrior
  8233 | D:9      | Killed a skeletal warrior
  8234 | D:9      | Reached skill level 10 in Fighting
  8296 | D:9      | Noticed a manticore
  8303 | D:9      | Killed a manticore
  8304 | D:9      | Reached XP level 11. HP: 89/99 MP: 10/10
  8339 | D:9      | Reached skill level 12 in Axes
  8447 | D:9      | Identified the +5 short sword of the Original Sin {freeze,
                  | rCorr Str+6}
  8602 | D:9      | Reached ***** piety under Trog
  9002 | D:9      | Noticed a cyan ugly thing
  9009 | D:9      | Killed a cyan ugly thing
  9160 | D:10     | Entered Level 10 of the Dungeon
  9219 | D:10     | Found a staircase to the Orcish Mines.
  9222 | D:10     | Found Pigi's Weapon Emporium.
  9276 | D:10     | Noticed a two-headed ogre
  9282 | D:10     | Killed a two-headed ogre
  9872 | D:11     | Noticed a brown ugly thing
  9886 | D:11     | Killed a brown ugly thing
  9948 | D:11     | Reached skill level 13 in Axes
 10089 | D:11     | Noticed Urug
 10102 | D:11     | Killed Urug
 10130 | D:11     | Reached XP level 12. HP: 108/111 MP: 11/11
 10183 | D:11     | Found a basalt altar of Yredelemnul.
 10208 | D:11     | Reached skill level 14 in Axes
 10360 | D:11     | Noticed a two-headed ogre
 10367 | D:11     | Killed a two-headed ogre
 10657 | D:12     | Noticed a death knight
 10674 | D:11     | Slain by a death knight

Illustrated notes

Levels and vault maps discovered:
D:1:      noname_arrival_rooms_in_the_neighbourhood, layout_rooms,
          basic_ecumenical_altar, bh_walls_and_bars
D:2:      layout_basic, basic_altar, minmay_cut_off
D:3:      layout_basic, nicolae_overflow_hidden_temple, serial_glass,
          glass_columns_c, glass_columns_b, glass_columns_a, glass_columns_b,
          glass_columns_c, glass_columns_b, glass_columns_a, glass_columns_a,
          glass_columns_c, glass_columns_b
D:4:      layout_loops_ring, temple_pool_b, serial_bayou_pond_b
D:5:      layout_rooms, grunt_temple_overflow_open, hangedman_decor_push
D:6:      layout_basic, lemuel_doored_altar
D:7:      cheibrodos_fertilizer, layout_basic, xom_redecorated, serial_rivers,
          chequers_serial_rivers_room_a, chequers_serial_rivers_micro_b,
          chequers_serial_rivers_marsh, chequers_serial_rivers_micro_e,
          chequers_serial_rivers_micro_c, chequers_serial_rivers_room_b,
          amcnicky_altar_lugonu_corruption
D:8:      layout_rooms, grunt_lair_entry_orc_guard_hut,
          gammafunk_ghost_stat_death
D:9:      layout_loops_ring, kb_rosetta
D:10:     layout_roguey, orc_david_3
D:11:     layout_cave_pods, chequers_serial_rivers_micro_b,
          nicolae_yredelemnul_corpse_copse, uniq_urug
D:12:     layout_basic, grunt_ogre_cave

Skill      XL: |  1  2  3  4  5  6  7  8  9 10 11 12 |
---------------+-------------------------------------+-----
Fighting       | 4 5 6 7 8 10 11 12 | 12.2
Axes           | 4 5 6 7 8 10 11 13 14 | 14.1
Armour         | 3 4 6 7 9 10 11 12 13 | 13.2
Dodging        | 3 4 5 7 8 |  8.6

Action                   |  1- 3 |  4- 6 |  7- 9 | 10-12 || total
-------------------------+-------+-------+-------+-------++-------
Melee: Hand axe          |    85 |   135 |       |       ||   220
       Headbutt          |    13 |    28 |    38 |   110 ||   189
       War axe           |       |       |    93 |       ||    93
       Battleaxe         |       |       |   106 |   355 ||   461
Invok: Berserk           |     2 |     2 |     7 |     8 ||    19
       Trog's Hand       |       |       |     2 |       ||     2
  Use: Scroll            |     1 |       |     5 |     4 ||    10
       Potion            |       |       |       |     2 ||     2
 Stab: Distracted        |       |       |     1 |       ||     1
Armor: Animal skin       |     6 |       |       |       ||     6
       Plate armour      |    40 |    86 |   131 |   137 ||   394
       Chain mail        |       |       |       |   154 ||   154
Dodge: Dodged            |    34 |    44 |   104 |   289 ||   471

Table legend: (Time is in decaauts)
 A = Elapsed time spent in this place.
 B = Non-inter-level travel time spent in this place.
 C = Inter-level travel time spent in this place.
 D = Time resting spent in this place.
 E = Time spent auto-exploring this place.
 F = Levels seen in this place.
 G = Mean time per level.
                   A        B        C        D        E       F      G
               +--------+--------+--------+--------+--------+-----+--------+
         Total |  10902 |  10655 |    247 |   1013 |   7870 |  12 |  908.5 |
       Dungeon |  10902 |  10655 |    247 |   1013 |   7870 |  12 |  908.5 |
               +--------+--------+--------+--------+--------+-----+--------+

Top non-repeatable levels by time:
     D:6: 1583 daAuts
     D:4: 1528 daAuts
     D:2: 1325 daAuts
     D:9: 1053 daAuts
     D:3: 1006 daAuts
     D:7: 960 daAuts
    D:11: 788 daAuts
    D:10: 716 daAuts
     D:8: 712 daAuts
     D:1: 618 daAuts
     D:5: 576 daAuts
    D:12: 31 daAuts
